 Dungeon Crawl Stone Soup version 0.28.0 (webtiles) character file.

Game seed: 16775392369059051274

116 horus123 the Digger (level 4, -6/30 HPs)
             Began as a Demonspawn Wanderer on Feb 15, 2022.
             Killed from afar by Natasha (9 damage)
             ... with a puff of flame
             ... on level 2 of the Dungeon.
             The game lasted 00:04:39 (1829 turns).

horus123 the Digger (Demonspawn Wanderer)           Turns: 1829, Time: 00:04:40

Health: -6/30      AC: 13    Str: 13    XL:     4   Next: 69%
Magic:  9/9        EV: 10    Int: 17    God:
Gold:   53         SH:  0    Dex: 10    Spells: 5/9 levels left

rFire   . . .      SeeInvis .   g - +2 dagger (protect)
rCold   . . .      Faith    .   (no shield)
rNeg    . . .      Spirit   .   c - +1 ring mail
rPois   .          Reflect  .   (no helmet)
rElec   .          Harm     .   (no cloak)
rCorr   .          Rampage  .   (no gloves)
Will    .....                   (no boots)
Stlth   ..........              (no amulet)
HPRegen 0.10/turn               (no ring)
MPRegen 0.11/turn               (no ring)

@: under a protective aura, slowed, very slow
A: powered by pain 1, demonic touch 1
a: no special abilities


You were on level 2 of the Dungeon.
You visited 1 branch of the dungeon, and saw 2 of its levels.

You collected 53 gold pieces.

Inventory:

Hand Weapons
 g - a +2 dagger of protection (weapon)
Armour
 c - a +1 ring mail (worn)
Scrolls
 a - a scroll of teleportation
Potions
 b - a potion of attraction {unknown}


   Skills:
 - Level 1.7 Armour
 - Level 3.4 Spellcasting
 - Level 1.7 Ice Magic
 + Level 5.1 Earth Magic


You had 5 spell levels left.
You knew the following spells:

 Your Spells              Type           Power      Damage    Failure   Level
a - Sandblast             Erth           40%        2d10      4%          1
b - Stone Arrow           Conj/Erth      22%        3d8       36%         3

Your spell library contained the following spells:

 Spells                   Type           Power      Damage    Failure   Level
 Freeze                   Ice            32%        1d5       17%         1
 Ozocubu's Armour         Ice            8%         N/A       45%         3
 Leda's Liquefaction      Hex/Erth       5%         N/A       77%         4


Dungeon Overview and Level Annotations

Branches:
Dungeon (2/15)

Altars:

Shops:
D:2 !

Annotations:
D:2 Natasha


Innate Abilities, Weirdness & Mutations

You sometimes gain a little power by taking damage.
Your touch may inflict minor irresistible damage on your foes.


Message History

Natasha yowls pathetically as she dies!
The white imp disappears in a puff of smoke!
Your Earth Magic skill increases to level 5!
You start resting.
Natasha, Servant of Life and Death comes into view.
She is carrying a wand of flame (16).
Natasha hisses angrily.
Natasha zaps a wand.
The puff of flame hits you!
You feel yourself speed up.
Natasha zaps a wand.
The puff of flame hits you! Natasha claws you but does no damage.
You closely miss Natasha. Natasha barely misses you.
You hit Natasha.
Your weapon exudes an aura of protection.
Natasha is moderately wounded.
Natasha closely misses you.
You hit Natasha but do no damage.
Natasha is moderately wounded.
Natasha zaps a wand.
The puff of flame hits you.
* * * LOW HITPOINT WARNING * * *
You barely miss Natasha.
Natasha is moderately wounded.
Natasha casts a spell at you. The magic dart hits you.
* * * LOW HITPOINT WARNING * * *
You hit Natasha.
Natasha is heavily wounded.
Natasha casts a spell at you.
The magic dart hits you but does no damage.
You hit Natasha but do no damage.
Natasha is heavily wounded.
Natasha casts a spell at you.
You feel yourself slow down.
You completely miss Natasha. Your touch misses Natasha.
Natasha is heavily wounded.
Natasha barely misses you.
You hit Natasha but do no damage.
Natasha is heavily wounded.
Natasha claws you but does no damage.
Natasha zaps a wand.
The puff of flame hits you!
You die...

##..#...........####
##.#..###......##
#..............#
#.............##
#...........#.#
##.#.........#.####
#..#..............###
##.##.##..............
#...#@##...........###
#(...h###........†....
#.....###.......#.####
####...........#..####
#..................
#..............####
#...........#.## #.
#......#....#.####.
##.....###.......##.


You could see Natasha.

Vanquished Creatures
  Natasha (twice) (D:2)
  An adder (D:2)
  3 worms (D:2)
  A ball python (D:1)
  9 bats
  3 endoplasms
  A giant cockroach (D:1)
  4 goblins
  6 hobgoblins
  3 jackals (D:2)
  4 kobolds
  2 quokkas
  3 frilled lizards
  5 rats
47 creatures vanquished.

Notes
Turn   | Place    | Note
-------+----------+-------------------------------------------
     0 | D:1      | horus123 the Demonspawn Wanderer began the quest for the
                  | Orb.
     0 | D:1      | horus123 set off with the following items: a +0 club, 29
                  | stones, a +0 ring mail; and the following spells available
                  | to memorise: Sandblast, Freeze, Stone Arrow, Ozocubu's
                  | Armour, Leda's Liquefaction
     0 | D:1      | Reached XP level 1. HP: 13/13 MP: 2/2
     2 | D:1      | Learned a level 1 spell: Sandblast
   334 | D:1      | Gained mutation: You sometimes gain a little power by
                  | taking damage. [demonic ancestry]
   334 | D:1      | Reached XP level 2. HP: 19/19 MP: 3/5
  1054 | D:1      | Found a faded altar of an unknown god.
  1294 | D:2      | Reached XP level 3. HP: 16/24 MP: 2/7
  1477 | D:2      | Noticed Natasha
  1482 | D:2      | Killed Natasha
  1557 | D:2      | Gained mutation: Your touch may inflict minor irresistible
                  | damage on your foes. [demonic ancestry]
  1557 | D:2      | Reached XP level 4. HP: 25/30 MP: 3/9
  1621 | D:2      | Learned a level 3 spell: Stone Arrow
  1676 | D:2      | Found Ruzy's Distillery.
  1785 | D:2      | Noticed Natasha
  1803 | D:2      | Killed Natasha
  1804 | D:2      | Reached skill level 5 in Earth Magic
  1817 | D:2      | Noticed Natasha
  1829 | D:2      | Killed from afar by Natasha

Illustrated notes

Levels and vault maps discovered:
D:1:      wander_arrival_desolate, layout_loops_ring,
          shapermc_ecumenical_altar_hornbeckon
D:2:      layout_rooms, serial_shops, nicolae_square_shop,
          minmay_misc_feat_alley, uniq_natasha

Skill      XL: |  1  2  3  4 |
---------------+-------------+-----
Spellcasting   | 2 3 |  3.4
Earth Magic    | 5 |  5.1
Armour         | |  1.7
Ice Magic      | |  1.7

Action                   |  1- 3 |  4- 6 || total
-------------------------+-------+-------++-------
Melee: Club              |     2 |       ||     2
       Dagger            |     6 |    39 ||    45
       Short sword       |     5 |       ||     5
       Touch             |       |     8 ||     8
       Punch             |       |     1 ||     1
Throw: Stone             |     2 |       ||     2
 Cast: Sandblast         |    57 |     2 ||    59
  Use: Scroll            |     4 |     1 ||     5
Armor: Ring mail         |    15 |    13 ||    28
Dodge: Dodged            |    32 |    13 ||    45
